 Dungeon Crawl Stone Soup version 0.29.1-15-g9cfb28693d (webtiles) character file.

Game seed: 10383614965376538554

2621 H0rd4k the Magician (level 9, -6/62 HPs)
             Began as an Octopode Artificer on Mar 15, 2023.
             Was an Initiate of Gozag.
             Mangled by an orc warrior
             ... wielding a +0 broad axe
              (16 damage)
             ... in a bailey.
             The game lasted 00:08:01 (9117 turns).

H0rd4k the Magician (Octopode Artificer)            Turns: 9117, Time: 00:08:02

Health: -6/62      AC:  1    Str: 11    XL:     9   Next: 60%
Magic:  27/27      EV: 13    Int: 17    God:    Gozag
Gold:   527        SH:  0    Dex: 13    Spells: 17/20 levels left

rFire   . . .      SeeInvis .     - Unarmed
rCold   + . .      Faith    +   (no shield)
rNeg    . . .      Spirit   .   (helmet restricted)
rPois   .          Reflect  .   j - amulet of faith
rElec   .          Harm     .   g - ring of protection from cold
rCorr   .          Rampage  .   l - +4 ring of slaying
Will    .....                   t - ring of magical power
Stlth   +++.......              (no ring)
HPRegen 0.20/turn               (no ring)
MPRegen 0.20/turn               (no ring)
                                (no ring)
                                (no ring)

@: no status effects
A: almost no armour, amphibious, 8 rings, camouflage 1, gelatinous body 1,
(nimble swimmer 1), tentacles
a: Renounce Religion, Potion Petition, Call Merchant, Bribe Branch


You were in a bailey.
You worshipped Gozag.
Gozag was pleased with you.
You visited 2 branches of the dungeon, and saw 8 of its levels.
You also visited: Bailey.

You collected 650 gold pieces.
You paid 123 gold pieces to Gozag.

Inventory:

Missiles
 h - 16 poisoned darts
Magical Staves
 x - a staff of death
 D - a staff of poison
Jewellery
 g - a ring of protection from cold (left tentacle)
 j - an amulet of faith (around mantle)
 l - a +4 ring of slaying (right tentacle)
 t - a ring of magical power (on tentacle)
Wands
 b - a wand of flame (20) (quivered)
 c - a wand of charming (6)
Scrolls
 d - a scroll of blinking {unknown}
 e - a scroll of silence {unknown}
 f - a scroll of noise {unknown}
 k - a scroll of identify
 n - 2 scrolls of vulnerability {unknown}
 o - 3 scrolls of enchant armour
 p - 3 scrolls of teleportation
 q - 2 scrolls of magic mapping
 r - 2 scrolls of torment
 u - a scroll of brand weapon {unknown}
 v - 3 scrolls of amnesia
 y - 3 scrolls of enchant weapon {unknown}
 A - a scroll of fog {unknown}
Potions
 a - a potion of haste {unknown}
 i - 3 potions of curing
 m - 3 potions of brilliance {unknown}
 s - a potion of resistance {unknown}
 w - 3 potions of heal wounds {unknown}
 z - 2 potions of mutation {unknown}
 B - a potion of lignification {unknown}
 C - a potion of might {unknown}
 E - a potion of flight


   Skills:
 + Level 6.0 Fighting
 + Level 3.1 Throwing
 - Level 2.3 Dodging
 - Level 1.3 Stealth
 - Level 4.9 Unarmed Combat
 * Level 6.4 Spellcasting
 - Level 6.0 Air Magic
 - Level 3.2 Evocations


You had 17 spell levels left.
You knew the following spells:

 Your Spells              Type           Power      Damage    Failure   Level
a - Swiftness             Air            25%        N/A       3%          3

Your spell library contained the following spells:

 Spells                   Type           Power      Damage    Failure   Level
 Shock                    Conj/Air       60%        1d6       3%          1
 Airstrike                Air            12%        2d(2-18)  11%         4
 Conjure Flame            Conj/Fire      5%         6-21      36%         3
 Ignite Poison            Fire/Tmut/Pois 5%         N/A       36%         3
 Sticky Flame             Conj/Fire      5%         2d3       77%         4


Dungeon Overview and Level Annotations

Branches:
Dungeon (7/15)             Temple (1/1) D:6          Bailey (1/1)

Altars:
Ashenzari
Cheibriados
Dithmenos
Elyvilon
Fedhas
Gozag
Hepliaklqana
Kikubaaqudgha
Makhleb
Nemelex Xobeh
Okawaru
Qazlal
Ru
Sif Muna
Trog
Uskayaw
Vehumet
Wu Jian
Xom
Yredelemnul
Zin
The Shining One

Annotations:
D:5 1 runed translucent door, exclusions: door and 2 downstairs, Crazy Yiuf


Innate Abilities, Weirdness & Mutations

You cannot wear most types of armour.
You are amphibious.
You can wear up to eight rings at the same time.
Your skin changes colour to match your surroundings (Stealth+).
Your rubbery body absorbs attacks. (AC +1, EV +1)
((You are camouflaged when in or above water. (Stealth+)))
You have tentacles for arms and can constrict up to eight enemies at once.


Message History

You see here 2 boomerangs.
There is a fountain of clear blue water here.
An orc warrior comes into view. It is wielding a +0 broad axe.
An orc warrior is nearby!
You bludgeon the orc warrior! Your grab misses the orc warrior.
The orc warrior is moderately wounded.
The orc warrior hits you with a +0 broad axe!!
You tentacle-slap the orc warrior but do no damage.
You grab the orc warrior. You squeeze the orc warrior.
The orc warrior is heavily wounded.
You constrict the orc warrior.
The orc warrior hits you with a +0 broad axe!
You barely miss the orc warrior.
The orc warrior is heavily wounded.
You constrict the orc warrior.
The orc warrior hits you with a +0 broad axe.
You tentacle-slap the orc warrior.
The orc warrior is almost dead.
You constrict the orc warrior, but do no damage.
The orc warrior hits you with a +0 broad axe!
* * * LOW HITPOINT WARNING * * *
You tentacle-slap the orc warrior but do no damage.
You squeeze the orc warrior, but do no damage.
The orc warrior is almost dead.
You constrict the orc warrior, but do no damage.
The orc warrior suddenly jeers, as Orcs often do.
The orc warrior hits you with a +0 broad axe.
* * * LOW HITPOINT WARNING * * *
The hobgoblin closely misses you.
You feel better.
You constrict the orc warrior, but do no damage.
The orc warrior misses you.
The hobgoblin hits you with a +0 war axe.
* * * LOW HITPOINT WARNING * * *
You tentacle-slap the orc warrior.
The orc warrior is almost dead.
You constrict the orc warrior.
The orc warrior hits you with a +0 broad axe!
You die...
Your body crumbles into a pile of gold.

##≈≈≈≈≈≈≈~≈..####..Kog..####≈≈≈≈≈
≈≈≈≈≈≈≈~.....#..####'####..#(~≈≈≈
#####......#'#.... ... ^...###(.≈
###.....#)#..####'####..' #..≈
##.......###..# . #..# #...
#.....⌠....#..# $ #..# #...
##.........#'## ######).#
##..........g#########.......#
####........@o.............##
#############.###########


You could see an orc warrior and a hobgoblin.

Vanquished Creatures
  Pikel (D:5)
  Menkaure (D:7)
  A water moccasin (D:6)
  2 orc warriors (Bailey)
  A phantom (D:6)
  2 kobold brigands
  A bullfrog (D:5)
  A necrophage (D:6)
  Blork the orc (D:5)
  4 scorpions
  2 killer bees (D:5)
  A howler monkey (D:5)
  5 hounds
  A jelly (D:7)
  A gnoll bouda (D:7)
  2 orc priests (D:6)
  3 iguanas
  Natasha (thrice) (D:3)
  5 orc wizards
  6 gnolls
  9 adders
  A white imp (D:6)
  A worm (D:2)
  2 dart slugs
  23 orcs
  6 bats
  4 endoplasms
  5 giant cockroaches
  9 goblins
  9 hobgoblins
  6 jackals
  25 kobolds
  6 quokkas
  7 ball pythons
  5 frilled lizards
  3 rats
165 creatures vanquished.

Vanquished Creatures (collateral kills)
  A killer bee (D:5)
  A howler monkey (D:7)
  An iguana (D:4)
  A dart slug (D:4)
  An orc (D:7)
  2 kobolds (D:6)
7 creatures vanquished.

Vanquished Creatures (others)
  3 killer bees (D:5)
  A hound (D:5)
  A kobold (D:6)
  A butterfly (D:5)
  3 plants (D:5)
9 creatures vanquished.

Grand Total: 181 creatures vanquished

Notes
Turn   | Place    | Note
-------+----------+-------------------------------------------
     0 | D:1      | H0rd4k the Octopode Artificer began the quest for the Orb.
     0 | D:1      | Reached XP level 1. HP: 13/13 MP: 1/1
   351 | D:1      | Reached XP level 2. HP: 16/19 MP: 2/2
   854 | D:1      | Reached skill level 1 in Spellcasting
  1096 | D:1      | Reached XP level 3. HP: 19/24 MP: 4/4
  1265 | D:1      | Reached skill level 1 in Unarmed Combat
  1459 | D:1      | Found a faded altar of an unknown god.
  1915 | D:2      | Reached XP level 4. HP: 8/30 MP: 6/6
  3164 | D:3      | Reached XP level 5. HP: 35/35 MP: 6/8
  3559 | D:3      | Noticed Natasha
  3564 | D:3      | Killed Natasha
  3845 | D:3      | Found a radiant altar of Vehumet.
  3856 | D:3      | Noticed Natasha
  3872 | D:3      | Killed Natasha
  4031 | D:3      | Noticed Natasha
  4036 | D:3      | Killed Natasha
  4037 | D:3      | Reached XP level 6. HP: 28/42 MP: 9/9
  5049 | D:4      | Reached XP level 7. HP: 29/46 MP: 11/11
  5236 | D:4      | Learned a level 3 spell: Swiftness
  5262 | D:5      | Entered Level 5 of the Dungeon
  5308 | D:5      | Noticed Pikel
  5310 | D:5      | Killed Pikel
  5311 | D:5      | Reached XP level 8. HP: 52/54 MP: 14/14
  6099 | D:5      | Noticed Blork the orc
  6113 | D:5      | Killed Blork the orc
  6491 | D:5      | Found a white marble altar of Elyvilon.
  6520 | D:5      | Found a runed translucent door.
  6521 | D:5      | Noticed Crazy Yiuf
  6559 | D:5      | Reached skill level 5 in Spellcasting
  6647 | D:5      | Reached skill level 1 in Throwing
  7163 | D:6      | Reached skill level 5 in Fighting
  7190 | D:6      | Found a staircase to the Ecumenical Temple.
  7196 | Temple   | Entered the Ecumenical Temple
  7522 | Temple   | Became a worshipper of Gozag Ym Sagoz the Greedy
  7566 | D:6      | Reached XP level 9. HP: 57/61 MP: 17/17
  7571 | D:6      | Reached skill level 5 in Air Magic
  8401 | D:7      | Noticed Menkaure
  8404 | D:7      | Killed Menkaure
  8533 | D:7      | Found a flagged portal.
  8658 | Bailey   | Entered a bailey
  9117 | Bailey   | Mangled by an orc warrior

Illustrated notes

Levels and vault maps discovered:
D:1:      nzn_arrival_water_spiral, layout_loops_ring,
          shapermc_ecumenical_altar_petra, minmay_octomino_e4
D:2:      layout_rooms, minivault_19, hangedman_abyss_or_decor_stabs
D:3:      layout_loops_corners, overflow_temple_1_default, uniq_natasha
D:4:      layout_loops_ring
D:5:      layout_basic, nicolae_elyvilon_peaceful_grove, serial_bayou_pond_c,
          cheibrodos_gnoll_hut, uniq_pikel, uniq_crazy_yiuf_cottage,
          uniq_blork_the_orc
D:6:      layout_cave_pools, temple_doors_e
D:7:      layout_loops_ring, enter_bailey_4, uniq_menkaure
Temple:   nicolae_temple_slightly_damp_pantheon
Bailey:   bailey_axe_4, bailey

Skill      XL: |  1  2  3  4  5  6  7  8  9 |
---------------+----------------------------+-----
Fighting       | 2 3 4 5 6 |  6.0
Spellcasting   | 1 2 4 5 6 |  6.4
Unarmed Combat | 1 2 3 4 |  4.9
Air Magic      | 3 4 6 |  6.0
Throwing       | 1 3 |  3.1
Dodging        | |  2.3
Stealth        | |  1.3
Evocations     | |  3.2

Action                   |  1- 3 |  4- 6 |  7- 9 || total
-------------------------+-------+-------+-------++-------
Melee: Unarmed           |   100 |   108 |   181 ||   389
       Constrict         |    28 |    29 |    50 ||   107
       Tentacles         |    21 |    22 |    43 ||    86
       Punch             |     2 |     2 |    10 ||    14
Throw: Dart              |       |       |    14 ||    14
       Throwing net      |       |       |     1 ||     1
Evoke: Wand              |       |     5 |    20 ||    25
  Use: Scroll            |       |       |     5 ||     5
       Potion            |       |       |     2 ||     2
 Stab: Sleeping          |    11 |     9 |     5 ||    25
       Distracted        |       |       |     1 ||     1
Armor: Skin              |     5 |     9 |    13 ||    27
Dodge: Dodged            |    66 |    77 |    91 ||   234
